 Dungeon Crawl Stone Soup version 0.26.1-2-gb8aa6d0cf2 (webtiles) character file.

Game seed: 15433762200688376361

2554 Qrupt the Covert (level 9, -9/56 HPs)
             Began as an Octopode Earth Elementalist on Mar 1, 2021.
             Was a Priest of Vehumet.
             Mangled by a wight
             ... wielding a +3 battleaxe of freezing
              (15 damage)
             ... on level 7 of the Dungeon.
             The game lasted 00:16:24 (10790 turns).

Qrupt the Covert (Octopode Earth Elementalist)     Turns: 10790, Time: 00:16:24

Health: -9/56      AC:  1    Str:  7    XL:     9   Next: 56%
Magic:  13/25      EV: 15    Int: 21    God:    Vehumet [***...]
Gold:   354        SH:  0    Dex: 12    Spells: 12/18 levels left

rFire    + . .     SeeInvis .   t - +2 dagger (drain)
rCold    x . .     Faith    .   (no shield)
rNeg     . . .     Spirit   .   (helmet restricted)
rPois    .         Reflect  .   (no amulet)
rElec    .         Harm     .   d - ring of fire
rCorr    .         Rampage  .   j - ring of magical power
Will     .....                  m - ring of stealth
Stlth    ++++++....             (no ring)
HPRegen  0.18/turn              (no ring)
MPRegen  0.19/turn              (no ring)
                                (no ring)
                                (no ring)

@: no status effects
A: almost no armour, stealthy swim, amphibious, 8 rings, constrict 8, camouflage
1, gelatinous body 1
a: Renounce Religion


You were on level 7 of the Dungeon.
You worshipped Vehumet.
Vehumet was most pleased with you.
You visited 2 branches of the dungeon, and saw 8 of its levels.

You collected 354 gold pieces.

Inventory:

Hand Weapons
 t - a +2 dagger of draining (weapon)
Missiles
 b - 94 stones
 c - 2 atropa-tipped darts
Armour
 D - a +0 buckler
Jewellery
 d - a ring of fire (left tentacle)
 j - a ring of magical power (right tentacle)
 m - a ring of stealth (on tentacle)
 r - an uncursed ring of fire
Wands
 p - a wand of flame (22)
 x - a wand of digging (6)
 C - a wand of iceblast (7)
Scrolls
 a - 6 scrolls of magic mapping
 e - 3 scrolls of identify {unknown}
 f - a scroll of remove curse {unknown}
 g - 2 scrolls of fear {unknown}
 s - a scroll of amnesia {unknown}
 u - a scroll of blinking {unknown}
 v - a scroll of enchant weapon {unknown}
 w - 2 scrolls of teleportation {unknown}
 B - a scroll of random uselessness {unknown}
Potions
 h - 2 potions of might {unknown}
 i - 4 potions of heal wounds {unknown}
 k - 5 potions of curing {unknown}
 l - a potion of attraction {unknown}
 n - a potion of flight {unknown}
 o - a potion of lignification {unknown}
 q - 3 potions of ambrosia {unknown}
 z - a potion of magic {unknown}
 A - 2 potions of cancellation {unknown}
 E - a potion of berserk rage {unknown}


   Skills:
 - Level 3.0 Fighting
 - Level 3.0 Short Blades
 + Level 5.5 Dodging
 + Level 8.2 Stealth
 * Level 2.4 Shields
 + Level 5.1 Spellcasting
 - Level 4.0 Conjurations
 - Level 1.0 Transmutations
 + Level 6.0 Earth Magic


You had 12 spell levels left.
You knew the following spells:

 Your Spells              Type           Power        Failure   Level
a - Sandblast             Erth           60%          1%          1
b - Passwall              Tmut/Erth      16%          3%          2
c - Stone Arrow           Conj/Erth      52%          1%          3

Your spell library contained the following spells:

 Spells                   Type           Power        Failure   Level
 Fulminant Prism          Conj/Hex       6%           13%         4
 Lee's Rapid Deconstruct  Erth           15%          7%          5
 Petrify                  Tmut/Erth      20%          26%         4


Dungeon Overview and Level Annotations

Branches:
Dungeon (7/15)             Temple (1/1) D:5

Altars:
Ashenzari
Cheibriados
Dithmenos
Elyvilon
Fedhas
Gozag
Hepliaklqana
Kikubaaqudgha
Makhleb
Nemelex Xobeh
Okawaru
Qazlal
Ru
Sif Muna
Trog
Uskayaw
Vehumet
Yredelemnul
The Shining One


Innate Abilities, Weirdness & Mutations

You cannot wear most types of armour.
You are very stealthy in the water. (Stealth+)
You are amphibious.
You can wear up to eight rings at the same time.
You can use your tentacles to constrict eight enemies at once.
Your skin changes colour to match your surroundings (Stealth+).
Your rubbery body absorbs attacks. (AC +1, EV +1)


Message History

The wight hits you with a +3 battleaxe of freezing!
* * * LOW HITPOINT WARNING * * *
The wight freezes you!
* * * LOW HITPOINT WARNING * * *
Casting: Sandblast (safe; 1% risk of failure)
Confirm with . or Enter, or press ? or * to list all spells.
Aiming: Sandblast (safe; 1% risk of failure)
Press: ? - help, Shift-Dir - straight line, f/p - wight
Aim: a wight, wielding a +3 battleaxe of freezing and wearing a +0 robe (heavily damaged, 18% to evade)
The blast of sand hits the wight.
The wight is almost destroyed.
Unknown command.
Casting: Sandblast (safe; 1% risk of failure)
Confirm with . or Enter, or press ? or * to list all spells.
Aiming: Sandblast (safe; 1% risk of failure)
Press: ? - help, Shift-Dir - straight line, f/p - wight
Aim: a wight, wielding a +3 battleaxe of freezing and wearing a +0 robe (almost destroyed, 18% to evade)
The blast of sand misses the wight.
The wight hits you with a +3 battleaxe of freezing!
You die...

....#...##......##......
....#...^................
....#....................
....#...................
....#...##......##....#
....#...##......##....##.
######.......#.......
#.......#..[....
+......@z.......
.######'##.......
.........#.z.?...
.........#....##.
.........#....#
.........#......
.........#..............
.#########..............
#..... ........ .


You could see 2 wights.

Vanquished Creatures
  A wyvern (D:6)
  The ghost of Groucho the Covert, an amateur SpEn (D:5)
  An ice beast (D:5)
  A phantom (D:4)
  3 ogres
  2 centaurs
  A bullfrog (D:6)
  A gnoll sergeant (D:5)
  2 scorpions
  2 wights
  A centaur zombie (D:5)
  A gnoll shaman (D:5)
  2 orc priests
  2 hounds (D:6)
  2 centaur skeletons (D:5)
  8 orc wizards
  An iguana (D:4)
  3 worker ants (D:6)
  A hound zombie (D:5)
  A hound skeleton (D:4)
  A worker ant zombie (D:6)
  48 gnolls
  11 adders
  A shadow imp (D:6)
  2 white imps (D:5)
  3 oozes
  3 adder skeletons
  3 worms
  3 dart slugs
  A leopard gecko (D:6)
  32 orcs
  4 bats
  3 giant cockroaches
  3 goblins
  9 hobgoblins
  32 jackals
  3 quokkas
  2 ball pythons
  5 frilled lizards
  9 kobolds
  A leopard gecko skeleton (D:7)
  A quokka zombie (D:6)
  8 rats
225 creatures vanquished.

Vanquished Creatures (others)
  An orc wizard (D:5)
  An adder (D:5)
  A dart slug (D:5)
  An orc (D:5)
  2 plants
6 creatures vanquished.

Grand Total: 231 creatures vanquished

Notes
Turn   | Place    | Note
-------+----------+-------------------------------------------
     0 | D:1      | Qrupt the Octopode Earth Elementalist began the quest for
                  | the Orb.
     0 | D:1      | Reached XP level 1. HP: 11/11 MP: 3/3
   351 | D:1      | Reached skill level 3 in Stealth
   351 | D:1      | Reached XP level 2. HP: 17/17 MP: 3/5
   919 | D:1      | Reached XP level 3. HP: 21/21 MP: 3/6
  1466 | D:2      | Found an iron altar of Okawaru.
  1570 | D:2      | Reached XP level 4. HP: 22/27 MP: 5/7
  1887 | D:2      | Reached skill level 4 in Stealth
  2649 | D:3      | Reached XP level 5. HP: 28/31 MP: 9/9
  2652 | D:3      | Learned a level 2 spell: Passwall
  2656 | D:3      | Learned a level 3 spell: Stone Arrow
  2710 | D:3      | Found a blossoming altar of Fedhas.
  3552 | D:3      | Reached skill level 1 in Conjurations
  4139 | D:4      | Noticed a phantom
  4148 | D:4      | Killed a phantom
  4149 | D:4      | Reached XP level 6. HP: 36/36 MP: 10/10
  4227 | D:4      | Reached skill level 5 in Stealth
  4406 | D:4      | Found a snail-covered altar of Cheibriados.
  4409 | D:4      | Found a radiant altar of Vehumet.
  4511 | D:4      | Reached XP level 7. HP: 22/41 MP: 12/12
  4529 | D:4      | Became a worshipper of Vehumet
  5399 | D:4      | Found a glowing golden altar of the Shining One.
  6066 | D:5      | Entered Level 5 of the Dungeon
  6074 | D:5      | Found a staircase to the Ecumenical Temple.
  6082 | D:5      | Reached skill level 6 in Stealth
  6082 | D:5      | Reached * piety under Vehumet
  6082 | D:5      | Offered knowledge of Freeze by Vehumet.
  6536 | D:5      | Reached XP level 8. HP: 25/46 MP: 14/14
  6618 | D:5      | Reached skill level 5 in Earth Magic
  6756 | D:5      | Found a runed translucent door.
  6756 | D:5      | Noticed Groucho's ghost (amateur SpEn)
  7047 | D:5      | Reached skill level 1 in Fighting
  7208 | D:5      | Reached skill level 1 in Short Blades
  7526 | D:5      | Reached ** piety under Vehumet
  7557 | D:5      | Offered knowledge of Foxfire by Vehumet.
  7794 | D:5      | Reached skill level 7 in Stealth
  8373 | D:5      | Offered knowledge of Inner Flame by Vehumet.
  8761 | D:5      | Reached skill level 5 in Dodging
  8761 | D:5      | Reached XP level 9. HP: 50/55 MP: 15/15
  9192 | D:5      | Killed Groucho's ghost
  9280 | Temple   | Entered the Ecumenical Temple
  9415 | D:6      | Reached *** piety under Vehumet
  9470 | D:6      | Got a smoking hunting sling
  9494 | D:6      | Found a basalt altar of Yredelemnul.
  9725 | D:6      | Offered knowledge of Fulminant Prism by Vehumet.
  9790 | D:6      | Reached skill level 1 in Shields
 10085 | D:6      | Reached skill level 8 in Stealth
 10085 | D:6      | Reached skill level 5 in Spellcasting
 10195 | D:6      | Identified the +8 hunting sling "Dragonslayer" {venom,
                  | Fragile +Fly Will- Dex+5} (You found it on level 6 of the
                  | Dungeon)
 10790 | D:7      | Mangled by a wight

Illustrated notes

Levels and vault maps discovered:
D:1:      erik_arrival_orb_chamber, layout_rooms, minmay_three_crescents
D:2:      layout_loops_corners, okawaru_gym_becter
D:3:      layout_loops_corners, old_standard_altar, wad_floor_pattern_1,
          hangedman_glass_teeth, serial_park_tiny_pond, minmay_misc_feat_tiny,
          minmay_diced_spiral
D:4:      layout_basic, lemuel_crystal_altar, kennysheep_slug_shrine,
          tso_oasis_becter, serial_rivers, chequers_serial_rivers_room_a,
          chequers_serial_rivers_small_3, chequers_serial_rivers_micro_b,
          chequers_serial_rivers_micro_a, chequers_serial_rivers_room_a,
          chequers_serial_rivers_small_3, minmay_misc_feat_pillars
D:5:      lemuel_castle_with_subvaults [lemuel_castle_interior_original],
          layout_rooms, minmay_temple_entry_waves, gammafunk_ghost_grave,
          lemuel_old_faithful
D:6:      layout_rooms, lemuel_round_altar
D:7:      layout_gridville
Temple:   dshaligram_water_room_temple

Skill      XL: |  1  2  3  4  5  6  7  8  9 |
---------------+----------------------------+-----
Stealth        | 3 4 5 6 7 8 |  8.2
Dodging        | 3 4 5 |  5.5
Conjurations   | 1 2 3 4 |  4.0
Spellcasting   | 3 4 5 |  5.1
Earth Magic    | 4 5 6 |  6.0
Fighting       | 2 3 |  3.0
Short Blades   | 2 3 |  3.0
Shields        | 2 |  2.4
Transmutations | |  1.0

Action                   |  1- 3 |  4- 6 |  7- 9 || total
-------------------------+-------+-------+-------++-------
Melee: Unarmed           |    19 |       |       ||    19
       Constrict         |     8 |    18 |    63 ||    89
       Tentacles         |     8 |    11 |    47 ||    66
       Dagger            |    20 |    87 |   274 ||   381
 Cast: Sandblast         |    17 |    36 |   116 ||   169
       Stone Arrow       |       |       |    16 ||    16
  Use: Scroll            |       |       |     1 ||     1
 Stab: Sleeping          |     4 |    17 |    28 ||    49
       Distracted        |       |       |     1 ||     1
Armor: Skin              |     4 |     5 |     9 ||    18
Dodge: Dodged            |    29 |    49 |   188 ||   266
